General information
- name: BNet
- type: Ladder team game (AT/RT)
- host: Battle.net
- saver: NerotendoLXIV
map: Friends
- players: 8
- length: 62:26
- speed: Fast
- version: 1.26 W3XP
- replay type:

» download(571 KB)
Players
team 1 (loser)
Blood4oil (
green | 41 APM | 2550 actions | 62:25)
4 Death Knight
2 Death Coil
2 Unholy Aura
3 Lich
2 Frost Nova
1 Frost Armor
» actions
| Assign group hotkey | 45 | |
| Basic commands | 9 | |
| Build / train | 121 | |
| ESC pressed | 1 | |
| Enter build submenu | 34 | |
| Enter hero's abilities submenu | 7 | |
| Right click | 1248 | |
| Select / deselect | 387 | |
| Select group hotkey | 614 | |
| Use ability | 84 | |
2550 total
» units
| Acolyte | 15 | |
| Ghoul | 3 | |
| Crypt Fiend | 24 | |
| Obsidian Statue | 2 | |
| Necromancer | 5 | |
| Forest Troll Shadow Priest | 1 | |
| Goblin Shredder | 1 | |
| Meatwagon | 5 | |
| Frost Wyrm | 3 | |
| Gargoyle | 3 | |
| Abomination | 4 | |
66 total
» upgrades
| Creature Attack | 3 | |
| Creature Carapace | 3 | |
| Web | 1 | |
| Necromancer Training | 2 | |
| Exhume Corpses | 1 | |
| Skeletal Longevity | 1 | |
| Freezing Breath | 1 | |
| Burrow | 1 | |
| Disease Cloud | 1 | |
| Skeletal Mastery | 1 | |
| Unholy Armor | 3 | |
| Unholy Strength | 2 | |
| Banshee Training | 1 | |
| Cannibalize | 1 | |
22 total
» buildings
| Crypt | 2 | |
| Ziggurat | 17 | |
| Altar of Darkness | 1 | |
| Graveyard | 1 | |
| Tomb of Relics | 2 | |
| Nerubian Tower | 3 | |
| Spirit Tower | 5 | |
| Halls of the Dead | 4 | |
| Slaughterhouse | 1 | |
| Temple of the Damned | 1 | |
| Black Citadel | 1 | |
| Sacrificial Pit | 1 | |
| Boneyard | 1 | |
| Necropolis | 1 | |
41 total
» build order
00:48 Crypt
00:56 Ziggurat
01:12 Altar of Darkness
01:21 Graveyard
01:38 Tomb of Relics
01:45 Ziggurat
01:52 Nerubian Tower
02:10 Tomb of Relics
02:49 Spirit Tower
03:54 Ziggurat
05:31 Halls of the Dead
05:32 Halls of the Dead
06:58 Ziggurat
08:27 Slaughterhouse
08:40 Temple of the Damned
08:59 Ziggurat
11:24 Ziggurat
13:47 Black Citadel
13:51 Sacrificial Pit
14:45 Spirit Tower
14:46 Nerubian Tower
16:29 Spirit Tower
16:31 Nerubian Tower
17:12 Boneyard
20:17 Crypt
21:18 Ziggurat
22:08 Ziggurat
30:56 Necropolis
30:59 Ziggurat
31:09 Ziggurat
31:11 Ziggurat
31:14 Ziggurat
31:19 Ziggurat
34:32 Spirit Tower
42:19 Ziggurat
42:27 Ziggurat
42:30 Ziggurat
42:35 Ziggurat
49:21 Spirit Tower
» items
| Scroll of Town Portal | 1 | |
| Orb of Corruption | 1 | |
| Rod of Necromancy | 1 | |
3 total

»
BNETHATESMELOL (
red | 50 APM | 2261 actions | 45:08)
5 Keeper of the Grove
3 Entangling Roots
2 Thorns Aura
» actions
| Basic commands | 10 | |
| Build / train | 72 | |
| Enter build submenu | 25 | |
| Enter hero's abilities submenu | 5 | |
| Give item / drop item | 1 | |
| Remove unit from queue | 3 | |
| Right click | 1480 | |
| Select / deselect | 597 | |
| Use ability | 68 | |
2261 total
» units
| Wisp | 20 | |
| Huntress | 5 | |
| Glaive Thrower | 7 | |
| Chimaera | 5 | |
| Forest Troll Berserker | 1 | |
| Mud Golem | 1 | |
| Forest Troll Shadow Priest | 1 | |
| Mountain Giant | 5 | |
45 total
» upgrades
| Reinforced Hides | 3 | |
| Vorpal Blades | 1 | |
| Strength of the Wild | 3 | |
| Corrosive Breath | 1 | |
| Strength of the Moon | 1 | |
| Hardened Skin | 1 | |
| Resistant Skin | 1 | |
11 total
» buildings
| Altar of Elders | 1 | |
| Moon Well | 9 | |
| Hunter's Hall | 1 | |
| Ancient of War | 5 | |
| Tree of Ages | 1 | |
| Tree of Eternity | 1 | |
| Ancient of Wind | 1 | |
| Ancient of Wonders | 1 | |
| Chimaera Roost | 2 | |
| Ancient of Lore | 4 | |
26 total
» build order
00:16 Altar of Elders
00:21 Moon Well
01:07 Hunter's Hall
01:39 Ancient of War
02:00 Moon Well
02:43 Ancient of War
03:35 Moon Well
06:20 Tree of Ages
07:12 Moon Well
07:15 Moon Well
08:42 Tree of Eternity
08:46 Ancient of Wind
09:25 Ancient of Wonders
10:38 Moon Well
11:07 Chimaera Roost
11:09 Chimaera Roost
15:21 Moon Well
19:53 Ancient of War
19:57 Ancient of War
20:00 Ancient of War
35:41 Ancient of Lore
35:47 Ancient of Lore
35:49 Ancient of Lore
37:48 Ancient of Lore
38:41 Moon Well
38:42 Moon Well
» items
| Scroll of Town Portal | 1 | |
| Potion of Healing | 2 | |
| Orb of Venom | 1 | |
| Staff of Preservation | 1 | |
5 total
Canada (
yellow | 66 APM | 2969 actions | 44:50)
4 Archmage
3 Summon Water Elemental
1 Brilliance Aura
3 Paladin
1 Holy Light
1 Devotion Aura
1 Divine Shield
» actions
| Assign group hotkey | 76 | |
| Basic commands | 127 | |
| Build / train | 118 | |
| Enter build submenu | 29 | |
| Enter hero's abilities submenu | 7 | |
| Right click | 1284 | |
| Select / deselect | 531 | |
| Select group hotkey | 701 | |
| Use ability | 96 | |
2969 total
» units
| Peasant | 13 | |
| Footman | 3 | |
| Rifleman | 16 | |
| Forest Troll Berserker | 1 | |
| Spell Breaker | 3 | |
| Mortar Team | 14 | |
| Priest | 4 | |
| Dragonhawk Rider | 13 | |
67 total
» upgrades
| Masonry | 1 | |
| Armor | 3 | |
| Gunpowder | 3 | |
| Long Rifles | 1 | |
| Flare | 1 | |
| Fragmentation Shards | 1 | |
| Cloud | 1 | |
11 total
» buildings
| Altar of Kings | 1 | |
| Farm | 15 | |
| Barracks | 1 | |
| Lumber Mill | 1 | |
| Scout Tower | 26 | |
| Arcane Tower | 1 | |
| Guard Tower | 24 | |
| Blacksmith | 1 | |
| Arcane Vault | 1 | |
| Keep | 1 | |
| Castle | 1 | |
| Arcane Sanctum | 1 | |
| Workshop | 1 | |
| Gryphon Aviary | 3 | |
78 total
» build order
00:20 Altar of Kings
00:35 Farm
00:36 Farm
00:52 Barracks
01:14 Lumber Mill
01:52 Scout Tower
01:56 Scout Tower
02:30 Arcane Tower
02:43 Scout Tower
02:44 Scout Tower
02:44 Scout Tower
02:45 Scout Tower
02:47 Scout Tower
02:50 Scout Tower
03:02 Guard Tower
03:11 Farm
03:58 Guard Tower
04:24 Guard Tower
04:26 Guard Tower
04:32 Guard Tower
04:37 Blacksmith
04:56 Arcane Vault
05:03 Guard Tower
05:41 Keep
06:06 Guard Tower
06:23 Farm
06:25 Farm
06:26 Farm
06:27 Farm
10:00 Castle
10:39 Arcane Sanctum
11:51 Farm
12:15 Workshop
15:50 Farm
16:35 Farm
16:36 Farm
16:37 Farm
16:37 Farm
21:57 Farm
22:16 Scout Tower
22:17 Scout Tower
22:17 Scout Tower
22:18 Scout Tower
22:19 Scout Tower
22:21 Scout Tower
22:23 Scout Tower
22:25 Scout Tower
22:26 Scout Tower
22:27 Scout Tower
22:28 Scout Tower
22:29 Scout Tower
22:30 Scout Tower
22:30 Scout Tower
22:31 Scout Tower
22:33 Scout Tower
22:34 Scout Tower
22:35 Scout Tower
22:50 Guard Tower
30:16 Guard Tower
30:17 Guard Tower
30:45 Guard Tower
30:52 Guard Tower
30:53 Guard Tower
30:55 Guard Tower
31:31 Guard Tower
31:35 Guard Tower
32:07 Guard Tower
32:11 Guard Tower
32:12 Guard Tower
32:34 Guard Tower
32:35 Guard Tower
32:36 Guard Tower
36:21 Gryphon Aviary
36:23 Gryphon Aviary
37:17 Gryphon Aviary
37:18 Guard Tower
37:22 Guard Tower
37:46 Farm
» items
| Rod of Necromancy | 1 | |
| Dust of Appearance | 1 | |
| Scroll of Regeneration | 2 | |
4 total
Four.Twe3nty (
teal | 63 APM | 2847 actions | 45:05)
4 Blademaster
2 Wind Walk
2 Critical Strike
4 Shadow Hunter
2 Healing Wave
2 Hex
» actions
| Basic commands | 13 | |
| Build / train | 74 | |
| Enter build submenu | 48 | |
| Enter hero's abilities submenu | 9 | |
| Give item / drop item | 1 | |
| Remove unit from queue | 1 | |
| Right click | 1847 | |
| Select / deselect | 683 | |
| Use ability | 171 | |
2847 total
» units
| Peon | 12 | |
| Grunt | 9 | |
| Shaman | 3 | |
| Tauren | 1 | |
| Demolisher | 17 | |
42 total
» upgrades
| Armor | 3 | |
| Melee Weapons | 1 | |
| Shaman Training | 2 | |
| Reinforced Defenses | 1 | |
| Ranged Weapons | 3 | |
| Burning Oil | 1 | |
11 total
» buildings
| Altar of Storms | 1 | |
| Orc Burrow | 6 | |
| Barracks | 2 | |
| War Mill | 1 | |
| Stronghold | 1 | |
| Watch Tower | 27 | |
| Voodoo Lounge | 1 | |
| Spirit Lodge | 1 | |
| Fortress | 1 | |
| Tauren Totem | 2 | |
| Great Hall | 1 | |
44 total
» build order
00:14 Altar of Storms
00:22 Orc Burrow
01:03 Barracks
01:28 Orc Burrow
01:50 War Mill
05:06 Stronghold
05:08 Orc Burrow
05:44 Watch Tower
05:46 Watch Tower
06:11 Watch Tower
06:50 Watch Tower
08:29 Voodoo Lounge
09:25 Spirit Lodge
10:38 Watch Tower
11:16 Fortress
11:26 Orc Burrow
12:32 Orc Burrow
12:42 Watch Tower
14:37 Tauren Totem
14:42 Tauren Totem
16:34 Orc Burrow
18:25 Watch Tower
18:30 Watch Tower
18:32 Watch Tower
19:38 Watch Tower
19:44 Watch Tower
20:11 Watch Tower
20:56 Watch Tower
21:49 Watch Tower
22:16 Watch Tower
22:55 Watch Tower
23:03 Watch Tower
23:53 Watch Tower
24:03 Watch Tower
25:43 Watch Tower
27:20 Watch Tower
28:10 Watch Tower
30:26 Barracks
42:37 Great Hall
42:41 Watch Tower
42:45 Watch Tower
43:10 Watch Tower
44:43 Watch Tower
44:46 Watch Tower
» items
| Healing Salve | 1 | |
| Lesser Clarity Potion | 3 | |
| Scroll of Speed | 1 | |
| Orb of Lightning | 4 | |
9 total
team 2 (winner)
Icedbarge-SLImE (
blue | 112 APM | 6984 actions | 62:25)
5 Warden
2 Shadow Strike
3 Blink
5 Goblin Alchemist
3 Chemical Rage
2 Acid Bomb
4 Goblin Tinker
2 Pocket Factory
2 Engineering Upgrade
» actions
| Assign group hotkey | 6 | |
| Basic commands | 706 | |
| Build / train | 79 | |
| ESC pressed | 2 | |
| Enter build submenu | 20 | |
| Enter hero's abilities submenu | 15 | |
| Give item / drop item | 1 | |
| Remove unit from queue | 2 | |
| Right click | 3413 | |
| Select / deselect | 706 | |
| Select group hotkey | 1794 | |
| Use ability | 237 | |
6984 total
» units
» upgrades
| Ultravision | 1 | |
| Well Spring | 1 | |
| Nature's Blessing | 1 | |
3 total
» buildings
| Altar of Elders | 2 | |
| Moon Well | 14 | |
| Tree of Ages | 2 | |
| Hunter's Hall | 1 | |
| Tree of Eternity | 3 | |
| Ancient of Wonders | 3 | |
| Tree of Life | 2 | |
27 total
» build order
00:06 Altar of Elders
00:20 Moon Well
01:28 Moon Well
03:45 Moon Well
03:48 Moon Well
07:25 Moon Well
07:33 Moon Well
09:00 Tree of Ages
09:00 Tree of Ages
10:17 Moon Well
12:33 Hunter's Hall
14:23 Tree of Eternity
14:23 Tree of Eternity
14:56 Ancient of Wonders
15:01 Ancient of Wonders
16:13 Ancient of Wonders
17:25 Moon Well
19:22 Moon Well
20:07 Moon Well
22:55 Tree of Life
28:28 Altar of Elders
35:41 Moon Well
35:42 Moon Well
35:43 Moon Well
35:44 Moon Well
50:17 Tree of Life
» items
| Orb of Venom | 3 | |
| Scroll of Town Portal | 1 | |
| Scourge Bone Chimes | 1 | |
| Robe of the Magi +6 | 1 | |
| Inferno Stone | 1 | |
7 total
iggy_the_fisk (
orange | 121 APM | 7556 actions | 62:25)
7 Blademaster
3 Wind Walk
3 Critical Strike
1 Bladestorm
6 Shadow Hunter
3 Healing Wave
2 Hex
1 Big Bad Voodoo
4 Tauren Chieftain
2 Shockwave
2 Endurance Aura
» actions
| Assign group hotkey | 769 | |
| Basic commands | 39 | |
| Build / train | 120 | |
| Enter build submenu | 76 | |
| Enter hero's abilities submenu | 17 | |
| Give item / drop item | 7 | |
| Remove unit from queue | 1 | |
| Right click | 4469 | |
| Select / deselect | 433 | |
| Select group hotkey | 1198 | |
| Use ability | 427 | |
7556 total
» units
| Peon | 38 | |
| Troll Batrider | 25 | |
| Goblin Zeppelin | 1 | |
64 total
» upgrades
| Envenomed Spears | 1 | |
| Ranged Weapons | 2 | |
| Armor | 1 | |
| Liquid Fire | 1 | |
5 total
» buildings
| Altar of Storms | 1 | |
| Orc Burrow | 4 | |
| War Mill | 2 | |
| Voodoo Lounge | 8 | |
| Watch Tower | 53 | |
| Stronghold | 4 | |
| Fortress | 1 | |
| Beastiary | 2 | |
| Great Hall | 6 | |
81 total
» build order
00:07 Altar of Storms
00:19 Orc Burrow
00:49 War Mill
01:21 Voodoo Lounge
02:01 Watch Tower
02:12 Watch Tower
02:59 Watch Tower
03:36 Watch Tower
03:38 Watch Tower
04:38 Watch Tower
05:28 Watch Tower
05:28 Watch Tower
06:09 Watch Tower
06:10 Watch Tower
07:20 Watch Tower
07:31 Watch Tower
07:46 Watch Tower
07:47 Watch Tower
08:10 Stronghold
08:10 Stronghold
08:10 Stronghold
08:11 Stronghold
08:33 Watch Tower
08:34 Watch Tower
08:38 Watch Tower
08:52 Watch Tower
09:05 Watch Tower
09:06 Watch Tower
09:08 Watch Tower
10:25 Watch Tower
10:37 Voodoo Lounge
10:38 Voodoo Lounge
10:43 Orc Burrow
10:49 Fortress
10:55 Beastiary
10:56 Beastiary
11:13 Watch Tower
11:13 Watch Tower
11:29 Watch Tower
11:30 Watch Tower
13:38 Watch Tower
13:39 Watch Tower
13:43 Orc Burrow
14:26 Voodoo Lounge
15:31 Watch Tower
15:31 Watch Tower
15:43 Orc Burrow
15:59 Watch Tower
16:01 Voodoo Lounge
18:52 Watch Tower
18:52 Watch Tower
20:09 Watch Tower
20:09 Watch Tower
20:10 Watch Tower
20:29 Voodoo Lounge
20:31 Voodoo Lounge
20:51 Great Hall
21:19 Watch Tower
21:20 Watch Tower
21:21 Watch Tower
21:22 Watch Tower
21:27 Watch Tower
21:28 Watch Tower
21:29 Watch Tower
21:44 Voodoo Lounge
21:49 Watch Tower
28:11 Watch Tower
28:12 Watch Tower
29:15 Watch Tower
29:16 Watch Tower
29:17 Watch Tower
31:11 Watch Tower
31:12 Watch Tower
32:32 Watch Tower
32:33 Watch Tower
37:37 Great Hall
44:39 War Mill
53:26 Great Hall
55:06 Great Hall
55:09 Great Hall
61:54 Great Hall
» items
| Healing Salve | 6 | |
| Lesser Clarity Potion | 4 | |
| Orb of Lightning | 2 | |
| Orb of Venom | 1 | |
| Scourge Bone Chimes | 1 | |
| Scroll of Town Portal | 2 | |
| The Lion Horn of Stormwind | 2 | |
| Staff of Sanctuary | 3 | |
| Robe of the Magi +6 | 1 | |
| Sobi Mask | 1 | |
| Boots of Quel'Thalas +6 | 1 | |
| Ankh of Reincarnation | 1 | |
25 total
NerotendoLXIV (
pink | 121 APM | 7569 actions | 62:26)
6 Archmage
3 Blizzard
2 Brilliance Aura
1 Mass Teleport
5 Mountain King
3 Storm Bolt
2 Bash
5 Paladin
3 Holy Light
2 Divine Shield
» actions
| Assign group hotkey | 17 | |
| Basic commands | 12 | |
| Build / train | 236 | |
| Enter build submenu | 121 | |
| Enter hero's abilities submenu | 17 | |
| Give item / drop item | 17 | |
| Remove unit from queue | 2 | |
| Right click | 4658 | |
| Select / deselect | 1065 | |
| Select group hotkey | 833 | |
| Use ability | 590 | |
7569 total
» units
| Peasant | 22 | |
| Goblin Zeppelin | 1 | |
| Dragonhawk Rider | 3 | |
| Priest | 1 | |
| Goblin Shredder | 1 | |
28 total
» upgrades
| Masonry | 3 | |
| Lumber Harvesting | 2 | |
| Magic Sentry | 1 | |
| Sorceress Training | 1 | |
| Animal War Training | 1 | |
| Swords | 3 | |
| Armor | 3 | |
| Cloud | 1 | |
15 total
» buildings
| Altar of Kings | 1 | |
| Farm | 6 | |
| Scout Tower | 241 | |
| Lumber Mill | 2 | |
| Arcane Tower | 17 | |
| Guard Tower | 99 | |
| Keep | 1 | |
| Castle | 2 | |
| Town Hall | 2 | |
| Gryphon Aviary | 1 | |
| Arcane Sanctum | 1 | |
| Arcane Vault | 3 | |
| Blacksmith | 1 | |
| Barracks | 1 | |
378 total
» build order
00:08 Altar of Kings
00:26 Farm
00:41 Farm
01:25 Scout Tower
01:26 Scout Tower
01:29 Lumber Mill
01:39 Scout Tower
01:54 Arcane Tower
01:58 Scout Tower
02:17 Scout Tower
02:33 Guard Tower
02:35 Guard Tower
02:59 Guard Tower
02:59 Guard Tower
03:00 Guard Tower
03:06 Scout Tower
03:07 Scout Tower
03:30 Scout Tower
03:33 Scout Tower
03:43 Guard Tower
03:47 Scout Tower
03:48 Scout Tower
03:49 Scout Tower
04:20 Guard Tower
04:25 Scout Tower
04:31 Scout Tower
04:31 Scout Tower
04:32 Scout Tower
04:33 Scout Tower
04:40 Arcane Tower
05:27 Arcane Tower
05:29 Guard Tower
05:32 Scout Tower
05:37 Keep
05:52 Farm
05:54 Arcane Tower
05:54 Guard Tower
05:54 Guard Tower
06:08 Arcane Tower
06:09 Guard Tower
06:10 Scout Tower
06:16 Scout Tower
06:17 Scout Tower
06:18 Scout Tower
06:33 Farm
07:25 Guard Tower
07:28 Scout Tower
07:28 Scout Tower
07:29 Scout Tower
07:31 Scout Tower
07:32 Scout Tower
07:33 Scout Tower
07:33 Scout Tower
07:35 Guard Tower
07:36 Scout Tower
07:37 Scout Tower
07:39 Scout Tower
07:39 Scout Tower
07:43 Scout Tower
07:44 Scout Tower
07:45 Scout Tower
07:45 Scout Tower
08:18 Guard Tower
08:19 Guard Tower
08:19 Guard Tower
08:25 Guard Tower
08:26 Guard Tower
08:37 Guard Tower
08:40 Guard Tower
08:50 Guard Tower
09:36 Guard Tower
09:48 Guard Tower
09:53 Guard Tower
09:53 Guard Tower
09:53 Guard Tower
10:30 Guard Tower
10:32 Guard Tower
10:36 Scout Tower
10:37 Scout Tower
10:40 Scout Tower
11:56 Castle
11:57 Castle
12:07 Guard Tower
12:11 Guard Tower
12:12 Scout Tower
12:13 Scout Tower
12:13 Scout Tower
12:15 Scout Tower
12:16 Scout Tower
12:50 Scout Tower
12:51 Scout Tower
12:52 Scout Tower
12:55 Guard Tower
13:03 Town Hall
13:13 Gryphon Aviary
13:38 Guard Tower
13:41 Scout Tower
13:42 Scout Tower
14:02 Guard Tower
14:20 Guard Tower
14:33 Scout Tower
14:39 Scout Tower
14:41 Guard Tower
14:43 Scout Tower
14:43 Scout Tower
14:44 Scout Tower
14:44 Scout Tower
14:46 Scout Tower
14:46 Scout Tower
14:47 Scout Tower
14:47 Scout Tower
14:48 Scout Tower
14:48 Scout Tower
14:48 Scout Tower
15:14 Guard Tower
15:17 Scout Tower
15:18 Scout Tower
15:19 Scout Tower
15:20 Scout Tower
15:21 Scout Tower
15:22 Scout Tower
15:29 Arcane Tower
15:29 Guard Tower
15:58 Guard Tower
16:01 Scout Tower
16:01 Scout Tower
16:02 Scout Tower
16:03 Guard Tower
16:10 Scout Tower
16:11 Scout Tower
16:12 Scout Tower
16:24 Arcane Sanctum
16:45 Arcane Vault
16:46 Arcane Vault
16:59 Guard Tower
17:00 Guard Tower
17:25 Blacksmith
17:26 Barracks
17:58 Guard Tower
19:32 Guard Tower
19:34 Guard Tower
19:37 Scout Tower
19:38 Scout Tower
19:38 Scout Tower
19:39 Scout Tower
19:39 Scout Tower
19:40 Scout Tower
19:40 Scout Tower
19:41 Scout Tower
19:42 Scout Tower
19:47 Arcane Vault
19:52 Guard Tower
20:00 Scout Tower
20:01 Scout Tower
20:02 Scout Tower
20:02 Scout Tower
20:03 Scout Tower
20:03 Scout Tower
20:04 Scout Tower
20:54 Scout Tower
20:56 Scout Tower
20:57 Scout Tower
20:57 Scout Tower
20:59 Scout Tower
20:59 Scout Tower
21:00 Scout Tower
21:01 Scout Tower
21:02 Scout Tower
21:05 Scout Tower
21:05 Scout Tower
21:06 Scout Tower
21:06 Scout Tower
21:28 Scout Tower
21:29 Scout Tower
21:30 Scout Tower
21:37 Scout Tower
21:38 Scout Tower
21:39 Scout Tower
21:40 Scout Tower
21:41 Scout Tower
21:42 Scout Tower
21:42 Scout Tower
21:43 Scout Tower
21:44 Scout Tower
21:51 Scout Tower
21:51 Scout Tower
21:52 Scout Tower
22:17 Guard Tower
22:25 Guard Tower
22:26 Guard Tower
22:53 Guard Tower
23:07 Farm
23:09 Scout Tower
23:32 Guard Tower
23:52 Guard Tower
24:22 Guard Tower
25:17 Guard Tower
25:19 Scout Tower
25:21 Scout Tower
25:23 Scout Tower
25:29 Arcane Tower
25:29 Arcane Tower
25:43 Scout Tower
26:01 Guard Tower
27:12 Farm
27:14 Arcane Tower
27:18 Arcane Tower
27:18 Arcane Tower
27:25 Scout Tower
27:36 Scout Tower
27:37 Scout Tower
27:37 Scout Tower
27:38 Scout Tower
27:39 Scout Tower
27:40 Scout Tower
27:41 Scout Tower
27:41 Scout Tower
27:42 Scout Tower
27:43 Scout Tower
27:44 Scout Tower
27:44 Scout Tower
27:44 Scout Tower
27:45 Scout Tower
27:45 Scout Tower
27:46 Scout Tower
27:47 Scout Tower
27:47 Scout Tower
27:48 Scout Tower
27:48 Scout Tower
27:50 Guard Tower
28:11 Arcane Tower
28:15 Guard Tower
28:22 Scout Tower
28:23 Scout Tower
28:24 Scout Tower
28:27 Scout Tower
28:27 Scout Tower
28:28 Scout Tower
28:29 Scout Tower
28:30 Scout Tower
28:30 Scout Tower
28:31 Scout Tower
28:32 Scout Tower
28:32 Scout Tower
29:28 Scout Tower
30:11 Arcane Tower
30:12 Guard Tower
30:25 Guard Tower
30:29 Scout Tower
30:30 Scout Tower
30:31 Scout Tower
30:31 Scout Tower
30:32 Scout Tower
30:32 Scout Tower
30:34 Guard Tower
30:39 Scout Tower
31:06 Guard Tower
31:09 Arcane Tower
31:09 Guard Tower
31:53 Guard Tower
32:21 Guard Tower
32:25 Scout Tower
32:26 Scout Tower
32:27 Scout Tower
32:27 Scout Tower
32:28 Scout Tower
32:28 Scout Tower
33:16 Guard Tower
33:40 Arcane Tower
34:47 Guard Tower
35:42 Guard Tower
35:43 Guard Tower
37:43 Scout Tower
37:43 Scout Tower
37:44 Scout Tower
37:44 Scout Tower
37:45 Scout Tower
37:46 Scout Tower
37:47 Scout Tower
37:48 Scout Tower
37:49 Scout Tower
37:49 Scout Tower
37:50 Scout Tower
37:51 Scout Tower
37:51 Scout Tower
37:53 Guard Tower
38:04 Scout Tower
38:04 Scout Tower
38:06 Scout Tower
38:07 Scout Tower
38:08 Scout Tower
38:08 Scout Tower
38:09 Scout Tower
38:10 Scout Tower
38:10 Scout Tower
38:11 Scout Tower
38:12 Scout Tower
38:12 Scout Tower
38:13 Scout Tower
38:13 Scout Tower
38:14 Scout Tower
38:15 Scout Tower
38:16 Scout Tower
38:40 Arcane Tower
38:41 Guard Tower
38:43 Scout Tower
38:45 Scout Tower
38:46 Guard Tower
39:32 Guard Tower
39:32 Guard Tower
39:33 Guard Tower
39:49 Scout Tower
39:50 Scout Tower
39:51 Scout Tower
40:03 Guard Tower
40:04 Guard Tower
40:05 Guard Tower
40:45 Guard Tower
41:20 Scout Tower
41:22 Scout Tower
41:22 Guard Tower
41:23 Guard Tower
41:31 Guard Tower
41:46 Scout Tower
42:01 Guard Tower
42:29 Guard Tower
42:31 Scout Tower
42:33 Scout Tower
42:33 Scout Tower
42:34 Scout Tower
42:34 Scout Tower
43:01 Guard Tower
43:05 Lumber Mill
43:10 Guard Tower
43:10 Guard Tower
43:16 Scout Tower
43:16 Scout Tower
43:17 Scout Tower
43:17 Scout Tower
43:18 Scout Tower
43:19 Scout Tower
43:21 Scout Tower
43:21 Scout Tower
43:22 Scout Tower
43:22 Scout Tower
43:50 Guard Tower
44:49 Scout Tower
44:50 Scout Tower
44:50 Scout Tower
44:51 Scout Tower
44:52 Scout Tower
45:21 Guard Tower
45:27 Scout Tower
45:27 Scout Tower
45:28 Scout Tower
45:29 Scout Tower
45:53 Guard Tower
45:55 Scout Tower
45:56 Scout Tower
45:57 Scout Tower
45:59 Scout Tower
45:59 Scout Tower
46:00 Scout Tower
46:01 Scout Tower
46:04 Guard Tower
50:06 Guard Tower
50:12 Town Hall
50:25 Guard Tower
» items
| Healing Salve | 7 | |
| Lesser Clarity Potion | 12 | |
| Scourge Bone Chimes | 1 | |
| Scroll of Town Portal | 3 | |
| Orb of Lightning | 2 | |
| Staff of Sanctuary | 3 | |
| Potion of Healing | 2 | |
| Potion of Mana | 2 | |
| Potion of Divinity | 2 | |
| Sobi Mask | 1 | |
| Boots of Quel'Thalas +6 | 1 | |
| Robe of the Magi +6 | 1 | |
| Inferno Stone | 2 | |
| Healing Wards | 1 | |
| Potion of Restoration | 1 | |
41 total
timg4strok (
purple | 99 APM | 6179 actions | 62:25)
5 Archmage
3 Blizzard
2 Brilliance Aura
4 Mountain King
2 Storm Bolt
2 Bash
4 Paladin
2 Holy Light
2 Divine Shield
» actions
| Assign group hotkey | 10 | |
| Basic commands | 91 | |
| Build / train | 374 | |
| ESC pressed | 3 | |
| Enter build submenu | 311 | |
| Enter hero's abilities submenu | 13 | |
| Give item / drop item | 1 | |
| Right click | 1958 | |
| Select / deselect | 829 | |
| Select group hotkey | 1485 | |
| Use ability | 1104 | |
6179 total
» units
| Peasant | 24 | |
| Dragonhawk Rider | 3 | |
27 total
» upgrades
| Masonry | 3 | |
| Magic Sentry | 1 | |
| Lumber Harvesting | 2 | |
| Animal War Training | 1 | |
| Armor | 3 | |
| Cloud | 1 | |
| Swords | 2 | |
13 total
» buildings
| Altar of Kings | 3 | |
| Farm | 8 | |
| Lumber Mill | 2 | |
| Scout Tower | 839 | |
| Guard Tower | 291 | |
| Arcane Tower | 5 | |
| Keep | 2 | |
| Arcane Sanctum | 1 | |
| Castle | 4 | |
| Town Hall | 1 | |
| Arcane Vault | 5 | |
| Gryphon Aviary | 2 | |
| Barracks | 1 | |
| Blacksmith | 1 | |
1165 total
» build order
00:07 Altar of Kings
00:15 Farm
00:31 Lumber Mill
00:48 Scout Tower
00:51 Scout Tower
01:16 Scout Tower
01:27 Scout Tower
01:33 Guard Tower
01:37 Scout Tower
01:39 Scout Tower
01:47 Farm
01:48 Arcane Tower
01:54 Scout Tower
02:09 Arcane Tower
02:21 Guard Tower
02:27 Guard Tower
02:33 Scout Tower
02:41 Scout Tower
02:58 Guard Tower
03:01 Scout Tower
03:36 Guard Tower
03:38 Scout Tower
03:44 Arcane Tower
03:45 Scout Tower
03:49 Guard Tower
03:50 Scout Tower
04:06 Guard Tower
04:08 Scout Tower
04:09 Scout Tower
04:12 Keep
04:14 Guard Tower
04:16 Scout Tower
04:17 Scout Tower
04:20 Guard Tower
04:21 Scout Tower
04:25 Scout Tower
04:33 Scout Tower
04:34 Scout Tower
04:37 Scout Tower
04:37 Scout Tower
04:46 Arcane Tower
04:50 Scout Tower
04:52 Guard Tower
04:54 Scout Tower
04:54 Scout Tower
04:58 Arcane Tower
05:02 Guard Tower
05:03 Scout Tower
05:12 Guard Tower
05:14 Scout Tower
05:18 Guard Tower
05:26 Guard Tower
05:28 Scout Tower
05:31 Scout Tower
05:32 Guard Tower
05:35 Scout Tower
05:36 Scout Tower
05:37 Guard Tower
05:39 Scout Tower
05:40 Scout Tower
06:01 Guard Tower
06:01 Guard Tower
06:03 Scout Tower
06:04 Guard Tower
06:12 Scout Tower
06:12 Scout Tower
06:13 Guard Tower
06:37 Guard Tower
06:39 Scout Tower
06:39 Scout Tower
06:41 Guard Tower
06:44 Scout Tower
06:45 Scout Tower
06:49 Guard Tower
06:50 Scout Tower
06:53 Scout Tower
07:08 Guard Tower
07:09 Scout Tower
07:24 Guard Tower
07:26 Scout Tower
07:27 Guard Tower
07:34 Guard Tower
07:37 Scout Tower
07:38 Scout Tower
07:39 Guard Tower
07:42 Scout Tower
07:42 Scout Tower
07:46 Arcane Sanctum
07:52 Scout Tower
07:53 Guard Tower
07:59 Castle
07:59 Castle
07:59 Castle
08:13 Guard Tower
08:13 Guard Tower
08:15 Scout Tower
08:23 Guard Tower
08:27 Scout Tower
08:29 Guard Tower
08:31 Scout Tower
08:31 Scout Tower
08:50 Guard Tower
09:33 Town Hall
09:37 Scout Tower
09:43 Guard Tower
09:44 Scout Tower
09:45 Scout Tower
09:56 Scout Tower
09:56 Scout Tower
10:05 Farm
10:10 Scout Tower
10:11 Scout Tower
10:14 Guard Tower
10:17 Scout Tower
10:19 Scout Tower
10:19 Scout Tower
10:19 Scout Tower
10:45 Guard Tower
10:49 Scout Tower
10:49 Scout Tower
10:50 Scout Tower
10:50 Scout Tower
10:53 Guard Tower
10:55 Scout Tower
10:56 Scout Tower
10:56 Scout Tower
11:32 Guard Tower
11:35 Scout Tower
11:35 Scout Tower
11:37 Guard Tower
11:56 Scout Tower
11:57 Scout Tower
11:58 Scout Tower
11:58 Scout Tower
11:59 Scout Tower
12:06 Guard Tower
12:10 Scout Tower
12:11 Scout Tower
12:12 Scout Tower
12:12 Scout Tower
12:34 Guard Tower
12:48 Guard Tower
12:49 Arcane Vault
12:51 Arcane Vault
12:52 Arcane Vault
12:55 Scout Tower
12:55 Scout Tower
12:56 Scout Tower
12:57 Scout Tower
12:59 Guard Tower
13:01 Scout Tower
13:01 Scout Tower
13:02 Scout Tower
13:02 Scout Tower
13:03 Scout Tower
13:06 Scout Tower
13:07 Scout Tower
13:07 Scout Tower
13:08 Scout Tower
13:15 Farm
13:16 Farm
13:16 Farm
13:18 Farm
13:19 Farm
13:22 Guard Tower
13:26 Guard Tower
13:27 Guard Tower
13:46 Guard Tower
14:17 Guard Tower
14:19 Scout Tower
14:21 Scout Tower
14:22 Scout Tower
14:22 Scout Tower
14:23 Scout Tower
14:23 Scout Tower
14:24 Scout Tower
14:24 Scout Tower
14:26 Guard Tower
14:28 Scout Tower
14:29 Scout Tower
14:30 Scout Tower
14:31 Scout Tower
14:33 Guard Tower
14:34 Scout Tower
14:34 Scout Tower
14:35 Scout Tower
15:00 Guard Tower
15:01 Scout Tower
15:01 Scout Tower
15:02 Scout Tower
15:02 Scout Tower
15:48 Guard Tower
15:52 Scout Tower
15:53 Scout Tower
15:53 Scout Tower
15:54 Scout Tower
15:56 Gryphon Aviary
15:57 Gryphon Aviary
15:59 Guard Tower
16:00 Barracks
16:02 Blacksmith
16:11 Scout Tower
16:12 Scout Tower
16:12 Scout Tower
16:13 Scout Tower
16:38 Guard Tower
16:41 Guard Tower
16:44 Guard Tower
16:55 Scout Tower
16:55 Scout Tower
16:56 Scout Tower
17:13 Guard Tower
17:15 Scout Tower
17:16 Scout Tower
17:40 Guard Tower
17:40 Guard Tower
17:43 Scout Tower
17:43 Scout Tower
18:18 Guard Tower
18:35 Guard Tower
18:38 Scout Tower
18:39 Scout Tower
18:40 Guard Tower
19:04 Scout Tower
19:04 Scout Tower
19:05 Scout Tower
19:06 Scout Tower
19:27 Guard Tower
19:29 Scout Tower
19:30 Scout Tower
19:30 Scout Tower
19:31 Scout Tower
19:31 Scout Tower
19:32 Scout Tower
19:35 Scout Tower
19:36 Scout Tower
19:36 Scout Tower
19:37 Scout Tower
19:42 Scout Tower
19:43 Scout Tower
19:44 Guard Tower
19:48 Scout Tower
19:48 Scout Tower
19:49 Scout Tower
19:54 Guard Tower
19:59 Scout Tower
20:00 Scout Tower
20:01 Scout Tower
20:30 Guard Tower
20:30 Guard Tower
20:31 Guard Tower
20:36 Guard Tower
20:51 Guard Tower
20:53 Scout Tower
20:53 Scout Tower
20:54 Scout Tower
20:55 Scout Tower
20:58 Guard Tower
21:00 Scout Tower
21:01 Scout Tower
21:01 Scout Tower
21:02 Scout Tower
21:04 Scout Tower
21:05 Scout Tower
21:20 Guard Tower
21:22 Scout Tower
21:23 Scout Tower
21:24 Scout Tower
21:31 Guard Tower
21:33 Scout Tower
21:34 Scout Tower
21:35 Scout Tower
21:41 Altar of Kings
21:42 Altar of Kings
22:03 Guard Tower
22:06 Scout Tower
22:06 Scout Tower
22:08 Scout Tower
22:09 Scout Tower
22:10 Scout Tower
22:11 Scout Tower
22:12 Guard Tower
22:20 Guard Tower
22:20 Guard Tower
22:22 Scout Tower
22:22 Scout Tower
22:23 Scout Tower
22:24 Scout Tower
22:24 Scout Tower
22:25 Scout Tower
22:26 Scout Tower
22:26 Scout Tower
22:38 Guard Tower
22:46 Guard Tower
22:47 Scout Tower
22:48 Scout Tower
22:48 Scout Tower
22:49 Scout Tower
22:57 Scout Tower
22:59 Scout Tower
22:59 Scout Tower
23:00 Scout Tower
23:01 Guard Tower
23:01 Guard Tower
23:04 Scout Tower
23:05 Scout Tower
23:05 Scout Tower
23:06 Scout Tower
23:20 Guard Tower
23:22 Scout Tower
23:23 Scout Tower
23:24 Scout Tower
23:24 Scout Tower
23:25 Scout Tower
23:25 Scout Tower
23:32 Guard Tower
23:36 Guard Tower
23:37 Guard Tower
23:37 Guard Tower
23:39 Guard Tower
23:39 Guard Tower
23:51 Guard Tower
23:54 Guard Tower
24:12 Guard Tower
24:21 Guard Tower
24:22 Guard Tower
24:22 Guard Tower
24:22 Guard Tower
24:38 Scout Tower
24:39 Scout Tower
25:00 Guard Tower
25:01 Guard Tower
25:24 Guard Tower
25:52 Guard Tower
25:54 Scout Tower
25:55 Scout Tower
26:09 Guard Tower
26:10 Guard Tower
26:10 Guard Tower
26:11 Guard Tower
26:29 Guard Tower
26:29 Guard Tower
26:29 Guard Tower
26:32 Scout Tower
26:33 Scout Tower
26:34 Scout Tower
26:34 Scout Tower
26:35 Scout Tower
26:36 Scout Tower
26:37 Guard Tower
26:40 Scout Tower
26:40 Scout Tower
26:42 Scout Tower
26:42 Scout Tower
26:43 Scout Tower
26:43 Scout Tower
26:44 Scout Tower
26:44 Scout Tower
26:45 Scout Tower
26:46 Scout Tower
26:46 Scout Tower
26:50 Scout Tower
26:51 Scout Tower
26:51 Scout Tower
26:52 Scout Tower
27:03 Guard Tower
27:08 Scout Tower
27:09 Scout Tower
27:18 Scout Tower
27:19 Scout Tower
27:36 Guard Tower
27:37 Guard Tower
27:51 Guard Tower
27:55 Guard Tower
27:55 Guard Tower
27:55 Guard Tower
28:05 Guard Tower
28:06 Guard Tower
28:11 Guard Tower
28:12 Guard Tower
28:28 Guard Tower
29:17 Guard Tower
29:19 Scout Tower
29:20 Scout Tower
29:20 Scout Tower
29:20 Scout Tower
29:21 Scout Tower
29:22 Scout Tower
29:38 Guard Tower
29:39 Scout Tower
29:40 Scout Tower
29:40 Scout Tower
29:57 Scout Tower
29:57 Scout Tower
29:57 Scout Tower
29:58 Scout Tower
29:59 Scout Tower
29:59 Scout Tower
30:01 Guard Tower
30:13 Scout Tower
30:14 Scout Tower
31:03 Scout Tower
31:04 Scout Tower
31:04 Scout Tower
31:05 Scout Tower
31:08 Guard Tower
31:10 Scout Tower
31:10 Scout Tower
31:11 Scout Tower
31:12 Scout Tower
31:13 Scout Tower
31:14 Scout Tower
31:14 Scout Tower
31:15 Scout Tower
31:15 Scout Tower
31:16 Scout Tower
31:17 Scout Tower
31:17 Scout Tower
31:17 Scout Tower
31:20 Guard Tower
31:30 Scout Tower
31:30 Scout Tower
31:31 Scout Tower
31:31 Scout Tower
31:32 Scout Tower
31:32 Scout Tower
31:41 Guard Tower
31:48 Guard Tower
31:48 Guard Tower
32:14 Guard Tower
32:16 Scout Tower
32:17 Scout Tower
32:17 Scout Tower
32:18 Scout Tower
32:19 Scout Tower
32:19 Scout Tower
32:22 Scout Tower
32:23 Scout Tower
32:24 Scout Tower
32:24 Scout Tower
32:25 Scout Tower
32:26 Scout Tower
32:27 Scout Tower
32:27 Scout Tower
32:28 Scout Tower
32:29 Scout Tower
32:30 Scout Tower
32:32 Scout Tower
32:32 Scout Tower
32:32 Scout Tower
32:33 Scout Tower
32:34 Scout Tower
32:34 Scout Tower
32:35 Guard Tower
32:35 Guard Tower
32:38 Guard Tower
32:40 Scout Tower
32:41 Scout Tower
32:41 Scout Tower
32:42 Scout Tower
32:51 Guard Tower
32:52 Scout Tower
32:54 Scout Tower
32:54 Scout Tower
32:55 Scout Tower
32:55 Scout Tower
32:56 Scout Tower
33:01 Scout Tower
33:01 Scout Tower
33:02 Scout Tower
33:02 Scout Tower
33:03 Scout Tower
33:04 Guard Tower
33:06 Scout Tower
33:07 Scout Tower
33:07 Scout Tower
33:08 Scout Tower
33:08 Scout Tower
33:09 Scout Tower
33:09 Scout Tower
33:10 Scout Tower
33:10 Scout Tower
33:11 Guard Tower
33:12 Guard Tower
33:16 Guard Tower
33:16 Guard Tower
33:26 Guard Tower
34:33 Guard Tower
34:35 Scout Tower
34:37 Scout Tower
34:38 Scout Tower
34:38 Scout Tower
34:38 Scout Tower
34:39 Scout Tower
34:40 Scout Tower
34:41 Scout Tower
34:44 Scout Tower
34:45 Scout Tower
34:45 Scout Tower
34:46 Scout Tower
34:46 Scout Tower
34:47 Scout Tower
35:16 Scout Tower
35:17 Scout Tower
35:18 Scout Tower
35:18 Scout Tower
35:19 Scout Tower
35:19 Scout Tower
35:20 Scout Tower
35:21 Scout Tower
35:22 Guard Tower
35:23 Guard Tower
35:24 Scout Tower
35:25 Scout Tower
35:26 Scout Tower
35:26 Scout Tower
35:27 Scout Tower
35:27 Scout Tower
35:27 Scout Tower
35:29 Scout Tower
35:29 Scout Tower
35:30 Scout Tower
35:31 Scout Tower
35:31 Scout Tower
35:34 Scout Tower
35:34 Scout Tower
35:35 Scout Tower
35:36 Scout Tower
35:37 Scout Tower
35:37 Scout Tower
35:38 Scout Tower
35:38 Scout Tower
35:39 Scout Tower
35:43 Guard Tower
35:44 Scout Tower
35:45 Scout Tower
35:45 Scout Tower
35:46 Scout Tower
36:22 Guard Tower
36:22 Guard Tower
36:22 Guard Tower
36:24 Guard Tower
36:24 Guard Tower
36:29 Guard Tower
36:29 Guard Tower
36:34 Guard Tower
36:38 Guard Tower
36:40 Scout Tower
36:41 Scout Tower
36:43 Scout Tower
36:44 Scout Tower
36:45 Scout Tower
36:48 Scout Tower
36:49 Scout Tower
36:57 Guard Tower
37:04 Arcane Vault
37:07 Arcane Vault
37:26 Guard Tower
37:30 Scout Tower
37:31 Scout Tower
37:32 Scout Tower
37:33 Scout Tower
37:33 Scout Tower
37:34 Scout Tower
37:35 Scout Tower
37:36 Scout Tower
37:37 Scout Tower
37:37 Scout Tower
37:38 Scout Tower
37:39 Guard Tower
37:53 Scout Tower
37:53 Scout Tower
37:54 Scout Tower
37:54 Scout Tower
38:01 Guard Tower
38:04 Guard Tower
38:21 Guard Tower
38:22 Scout Tower
38:23 Scout Tower
38:23 Scout Tower
38:24 Scout Tower
38:24 Scout Tower
38:25 Scout Tower
38:30 Guard Tower
38:30 Guard Tower
38:33 Guard Tower
38:35 Scout Tower
38:36 Scout Tower
38:37 Scout Tower
38:37 Scout Tower
38:39 Scout Tower
38:40 Scout Tower
38:41 Scout Tower
38:42 Scout Tower
38:48 Guard Tower
38:48 Guard Tower
39:13 Guard Tower
39:13 Guard Tower
39:13 Guard Tower
39:15 Scout Tower
39:16 Scout Tower
39:17 Scout Tower
39:17 Scout Tower
39:18 Scout Tower
39:26 Guard Tower
39:28 Scout Tower
39:30 Scout Tower
39:31 Scout Tower
39:33 Guard Tower
40:08 Guard Tower
40:11 Scout Tower
40:12 Scout Tower
40:21 Guard Tower
40:26 Lumber Mill
41:16 Guard Tower
41:33 Guard Tower
41:38 Guard Tower
41:41 Guard Tower
41:43 Scout Tower
41:44 Scout Tower
41:44 Scout Tower
41:45 Scout Tower
41:45 Scout Tower
41:46 Scout Tower
41:47 Scout Tower
41:54 Scout Tower
41:55 Scout Tower
41:56 Scout Tower
41:56 Scout Tower
42:05 Guard Tower
42:07 Scout Tower
42:07 Scout Tower
42:08 Scout Tower
42:08 Scout Tower
42:09 Scout Tower
42:10 Scout Tower
42:10 Scout Tower
42:14 Scout Tower
42:14 Scout Tower
42:15 Scout Tower
42:59 Guard Tower
43:04 Guard Tower
43:06 Guard Tower
43:07 Guard Tower
43:12 Scout Tower
43:13 Scout Tower
43:13 Scout Tower
43:14 Scout Tower
43:14 Scout Tower
43:15 Scout Tower
43:16 Scout Tower
43:17 Scout Tower
43:17 Scout Tower
43:18 Scout Tower
43:19 Scout Tower
43:20 Scout Tower
43:24 Guard Tower
43:24 Guard Tower
43:30 Scout Tower
43:30 Scout Tower
43:32 Scout Tower
43:32 Scout Tower
43:33 Scout Tower
43:33 Scout Tower
43:35 Guard Tower
43:37 Guard Tower
43:39 Scout Tower
43:40 Scout Tower
43:40 Scout Tower
43:41 Scout Tower
43:43 Scout Tower
43:43 Scout Tower
43:53 Guard Tower
43:57 Scout Tower
43:58 Scout Tower
43:59 Scout Tower
44:02 Scout Tower
44:03 Scout Tower
44:34 Guard Tower
44:37 Guard Tower
44:37 Guard Tower
44:40 Scout Tower
44:41 Scout Tower
44:42 Scout Tower
44:42 Scout Tower
44:43 Scout Tower
44:44 Scout Tower
44:44 Scout Tower
44:45 Scout Tower
44:46 Scout Tower
45:02 Guard Tower
45:06 Guard Tower
45:13 Guard Tower
45:17 Guard Tower
45:19 Scout Tower
45:20 Scout Tower
45:21 Scout Tower
45:22 Scout Tower
45:23 Scout Tower
45:24 Scout Tower
45:24 Guard Tower
45:26 Scout Tower
45:27 Scout Tower
45:28 Guard Tower
45:39 Scout Tower
45:40 Scout Tower
45:41 Scout Tower
45:41 Scout Tower
45:42 Scout Tower
45:43 Scout Tower
45:45 Scout Tower
45:46 Scout Tower
45:46 Scout Tower
45:47 Scout Tower
45:47 Scout Tower
45:48 Scout Tower
45:49 Scout Tower
45:50 Scout Tower
45:51 Scout Tower
45:51 Scout Tower
45:52 Scout Tower
45:53 Scout Tower
45:54 Scout Tower
45:54 Scout Tower
45:55 Scout Tower
45:55 Scout Tower
45:56 Scout Tower
46:04 Guard Tower
46:13 Guard Tower
46:15 Scout Tower
46:16 Scout Tower
46:17 Scout Tower
46:17 Scout Tower
46:18 Scout Tower
46:18 Scout Tower
46:19 Scout Tower
46:20 Scout Tower
46:27 Guard Tower
46:27 Guard Tower
46:34 Scout Tower
46:34 Scout Tower
46:35 Scout Tower
46:35 Scout Tower
46:36 Scout Tower
46:37 Scout Tower
47:43 Guard Tower
47:44 Scout Tower
47:45 Scout Tower
47:46 Scout Tower
47:46 Scout Tower
47:47 Scout Tower
47:48 Scout Tower
47:48 Scout Tower
47:51 Scout Tower
47:51 Scout Tower
47:52 Scout Tower
48:52 Guard Tower
48:53 Scout Tower
48:54 Scout Tower
48:55 Scout Tower
48:55 Scout Tower
48:56 Scout Tower
48:56 Scout Tower
48:57 Scout Tower
48:58 Scout Tower
49:04 Guard Tower
49:06 Scout Tower
49:06 Scout Tower
49:07 Scout Tower
49:08 Scout Tower
49:11 Guard Tower
49:13 Scout Tower
49:14 Scout Tower
49:14 Scout Tower
49:15 Scout Tower
49:30 Guard Tower
49:31 Scout Tower
49:32 Scout Tower
49:32 Scout Tower
49:33 Scout Tower
49:33 Scout Tower
49:34 Scout Tower
49:36 Guard Tower
49:38 Guard Tower
49:51 Scout Tower
49:52 Scout Tower
49:52 Scout Tower
49:53 Scout Tower
49:53 Scout Tower
49:54 Scout Tower
49:54 Scout Tower
49:55 Scout Tower
49:56 Scout Tower
49:56 Scout Tower
49:57 Scout Tower
49:57 Scout Tower
50:02 Scout Tower
50:04 Scout Tower
50:05 Scout Tower
50:05 Scout Tower
50:06 Scout Tower
50:07 Scout Tower
50:07 Scout Tower
50:08 Scout Tower
50:09 Scout Tower
50:09 Scout Tower
50:10 Scout Tower
50:11 Scout Tower
50:11 Scout Tower
50:12 Scout Tower
50:13 Scout Tower
50:18 Guard Tower
50:19 Guard Tower
50:22 Scout Tower
50:22 Scout Tower
50:23 Scout Tower
50:23 Scout Tower
50:24 Scout Tower
50:24 Scout Tower
50:25 Scout Tower
50:26 Scout Tower
50:26 Scout Tower
50:27 Scout Tower
50:52 Guard Tower
50:54 Scout Tower
50:55 Scout Tower
50:55 Scout Tower
50:56 Scout Tower
50:57 Scout Tower
50:57 Scout Tower
50:58 Scout Tower
50:58 Scout Tower
50:59 Scout Tower
50:59 Scout Tower
51:00 Scout Tower
51:01 Scout Tower
51:01 Scout Tower
51:02 Scout Tower
51:03 Scout Tower
51:11 Guard Tower
51:13 Scout Tower
51:13 Scout Tower
51:14 Scout Tower
51:15 Scout Tower
51:15 Scout Tower
51:16 Scout Tower
51:17 Scout Tower
51:18 Scout Tower
51:20 Guard Tower
51:24 Guard Tower
51:37 Guard Tower
51:42 Guard Tower
51:48 Guard Tower
51:55 Guard Tower
51:58 Guard Tower
51:58 Guard Tower
52:33 Guard Tower
52:34 Scout Tower
52:35 Scout Tower
52:35 Scout Tower
52:35 Scout Tower
52:36 Scout Tower
52:37 Scout Tower
52:38 Scout Tower
52:39 Scout Tower
52:39 Scout Tower
52:40 Scout Tower
52:40 Scout Tower
52:41 Scout Tower
52:48 Scout Tower
52:48 Scout Tower
52:49 Scout Tower
52:50 Scout Tower
52:51 Scout Tower
52:52 Scout Tower
52:53 Scout Tower
52:54 Scout Tower
52:56 Guard Tower
53:17 Guard Tower
53:19 Guard Tower
53:20 Scout Tower
53:21 Scout Tower
53:21 Scout Tower
53:22 Scout Tower
53:22 Scout Tower
53:23 Scout Tower
53:34 Guard Tower
54:20 Guard Tower
54:26 Guard Tower
54:28 Scout Tower
54:29 Scout Tower
54:30 Scout Tower
54:30 Scout Tower
54:31 Scout Tower
54:32 Scout Tower
54:33 Scout Tower
54:33 Scout Tower
55:05 Guard Tower
55:06 Scout Tower
55:07 Scout Tower
55:08 Scout Tower
55:09 Scout Tower
55:10 Scout Tower
55:11 Scout Tower
55:13 Guard Tower
55:26 Scout Tower
55:26 Scout Tower
55:27 Scout Tower
55:28 Scout Tower
55:29 Scout Tower
55:30 Scout Tower
55:33 Scout Tower
55:33 Scout Tower
55:36 Guard Tower
55:40 Guard Tower
55:45 Guard Tower
55:48 Guard Tower
55:55 Scout Tower
55:55 Scout Tower
55:56 Scout Tower
55:57 Scout Tower
55:57 Scout Tower
55:58 Scout Tower
56:00 Guard Tower
56:02 Scout Tower
56:03 Scout Tower
56:04 Scout Tower
56:04 Scout Tower
56:05 Scout Tower
56:06 Scout Tower
56:07 Scout Tower
56:07 Scout Tower
56:08 Scout Tower
56:08 Scout Tower
56:09 Scout Tower
56:09 Scout Tower
56:11 Scout Tower
56:11 Scout Tower
56:12 Scout Tower
56:12 Scout Tower
56:13 Scout Tower
56:14 Scout Tower
56:23 Guard Tower
56:25 Scout Tower
56:26 Scout Tower
56:27 Scout Tower
56:27 Scout Tower
56:28 Scout Tower
56:29 Scout Tower
56:29 Scout Tower
56:30 Scout Tower
56:52 Guard Tower
56:53 Scout Tower
56:54 Scout Tower
56:55 Scout Tower
56:56 Scout Tower
56:56 Scout Tower
56:58 Scout Tower
56:58 Scout Tower
57:01 Scout Tower
57:01 Scout Tower
57:02 Scout Tower
57:03 Scout Tower
57:04 Scout Tower
57:04 Scout Tower
57:05 Scout Tower
57:06 Scout Tower
57:07 Scout Tower
57:08 Scout Tower
57:10 Scout Tower
57:12 Scout Tower
57:13 Scout Tower
57:17 Guard Tower
57:18 Scout Tower
57:18 Scout Tower
57:19 Scout Tower
57:20 Scout Tower
57:21 Scout Tower
57:21 Scout Tower
57:22 Scout Tower
57:23 Scout Tower
57:24 Scout Tower
57:24 Scout Tower
57:25 Scout Tower
57:27 Scout Tower
57:28 Scout Tower
57:29 Scout Tower
57:30 Scout Tower
57:32 Scout Tower
57:32 Scout Tower
57:33 Scout Tower
57:34 Scout Tower
57:37 Scout Tower
57:38 Scout Tower
57:38 Scout Tower
57:39 Scout Tower
57:44 Guard Tower
57:45 Scout Tower
57:46 Scout Tower
57:46 Scout Tower
57:47 Scout Tower
57:47 Scout Tower
57:48 Scout Tower
57:49 Scout Tower
57:49 Scout Tower
57:50 Scout Tower
57:51 Scout Tower
57:53 Guard Tower
57:54 Scout Tower
57:54 Scout Tower
57:55 Scout Tower
57:56 Scout Tower
57:56 Scout Tower
57:57 Scout Tower
57:57 Scout Tower
57:57 Scout Tower
57:58 Scout Tower
57:59 Scout Tower
58:00 Scout Tower
58:00 Scout Tower
58:01 Scout Tower
58:02 Scout Tower
58:04 Scout Tower
58:06 Scout Tower
58:07 Scout Tower
58:08 Scout Tower
58:09 Scout Tower
58:10 Scout Tower
58:11 Scout Tower
58:11 Scout Tower
58:12 Scout Tower
58:12 Scout Tower
58:15 Guard Tower
58:20 Guard Tower
58:22 Scout Tower
58:23 Scout Tower
58:24 Scout Tower
58:24 Scout Tower
58:26 Scout Tower
58:28 Scout Tower
58:29 Scout Tower
58:30 Scout Tower
58:31 Scout Tower
58:35 Guard Tower
58:36 Guard Tower
58:40 Guard Tower
58:42 Scout Tower
58:43 Scout Tower
58:43 Scout Tower
58:44 Scout Tower
58:45 Scout Tower
58:46 Scout Tower
58:47 Scout Tower
58:47 Scout Tower
58:48 Scout Tower
58:49 Scout Tower
58:55 Guard Tower
58:59 Guard Tower
59:03 Scout Tower
59:04 Scout Tower
59:05 Scout Tower
59:06 Scout Tower
59:06 Scout Tower
59:07 Scout Tower
59:09 Guard Tower
59:11 Scout Tower
59:11 Scout Tower
59:12 Scout Tower
59:13 Scout Tower
59:13 Scout Tower
59:14 Scout Tower
59:14 Scout Tower
59:15 Scout Tower
59:16 Scout Tower
59:17 Scout Tower
59:18 Scout Tower
59:19 Scout Tower
59:20 Scout Tower
59:21 Scout Tower
59:33 Guard Tower
59:35 Guard Tower
60:04 Guard Tower
60:06 Guard Tower
60:10 Scout Tower
60:11 Scout Tower
60:12 Scout Tower
60:13 Scout Tower
60:13 Scout Tower
60:16 Guard Tower
60:18 Scout Tower
60:18 Scout Tower
60:19 Scout Tower
60:20 Scout Tower
60:20 Scout Tower
60:21 Scout Tower
60:21 Scout Tower
60:22 Scout Tower
60:26 Guard Tower
60:32 Guard Tower
60:34 Guard Tower
60:37 Guard Tower
60:38 Scout Tower
60:39 Scout Tower
60:40 Scout Tower
60:40 Scout Tower
60:41 Scout Tower
60:42 Scout Tower
60:42 Scout Tower
60:44 Scout Tower
60:45 Scout Tower
60:45 Scout Tower
60:53 Guard Tower
60:57 Guard Tower
61:00 Guard Tower
61:02 Guard Tower
61:09 Guard Tower
61:12 Guard Tower
61:18 Guard Tower
61:20 Guard Tower
61:31 Guard Tower
61:36 Scout Tower
61:36 Scout Tower
61:37 Scout Tower
61:38 Scout Tower
61:39 Scout Tower
61:39 Scout Tower
61:43 Guard Tower
61:44 Guard Tower
61:46 Guard Tower
61:47 Guard Tower
61:47 Guard Tower
61:55 Guard Tower
61:56 Guard Tower
62:08 Guard Tower
62:10 Scout Tower
62:10 Scout Tower
62:11 Scout Tower
62:12 Scout Tower
62:13 Scout Tower
62:13 Scout Tower
62:23 Guard Tower
62:23 Guard Tower
» items
| Orb of Lightning | 3 | |
| Staff of Sanctuary | 3 | |
| Boots of Quel'Thalas +6 | 2 | |
| Belt of Giant Strength +6 | 2 | |
| Runed Bracers | 1 | |
| Inferno Stone | 1 | |
| The Lion Horn of Stormwind | 1 | |
13 total
Chat log
(00:23 / All) timg4strok: hi all
(00:30 / All) iggy_the_fisk: welcome to Friends
(00:51 / All) iggy_the_fisk: are you afk??
(00:53 / All) iggy_the_fisk: we can pause
(00:56 / All) iggy_the_fisk: Ok
(00:58 / All) timg4strok: brb
(00:58 / All) timg4strok: pls
(00:59 / All) timg4strok: my pizza
(01:00 / All) iggy_the_fisk: we have excellent manners
(02:16 / All) iggy_the_fisk: hey plz w8
(02:18 / All) timg4strok: hold on
(02:20 / All) iggy_the_fisk: wtf
(02:22 / All) iggy_the_fisk: we waited for u?
(02:24 / All) iggy_the_fisk: bad manner??
(02:25 / All) iggy_the_fisk: ThX!
(02:26 / All) timg4strok: can u wait a one second ?
(02:28 / All) iggy_the_fisk: wtff
(02:35 / All) Four.Twe3nty: i though tit was funny
(02:48 / All) timg4strok: u a reefer smoker boy?> get a life
(04:01 / All) iggy_the_fisk: jesus teal
(04:02 / All) iggy_the_fisk: you noob?
(05:18 / All) iggy_the_fisk: woww noob teal
(05:32 / All) Four.Twe3nty: yeah im the noob
(05:42 / All) iggy_the_fisk: looks like it LOL
(05:51 / All) Four.Twe3nty: looks like i got 4 of ur peons
(05:53 / All) Four.Twe3nty: LOL!
(10:11 / All) iggy_the_fisk: THX
(10:18 / All) Four.Twe3nty: LOL noobn
(10:28 / All) iggy_the_fisk: nice cheap doublejack thx
(18:08 / All) iggy_the_fisk: GJ teal
(19:08 / All) NerotendoLXIV: lol green
(19:10 / All) NerotendoLXIV: quit now
(19:10 / All) NerotendoLXIV: thanks
(21:00 / All) iggy_the_fisk: hey noobs
(21:02 / All) iggy_the_fisk: gg thanks for trying
(22:34 / All) BNETHATESMELOL: i see yall have bats and dragonhawks...good thing im massing chims
(22:43 / All) NerotendoLXIV: huh
(36:07 / All) Canada: too many bats
(36:21 / All) NerotendoLXIV: hey canada
(36:24 / All) NerotendoLXIV: where are you from
(36:27 / All) NerotendoLXIV: tell me
(36:28 / All) NerotendoLXIV: i'm in toronto
(42:09 / All) BNETHATESMELOL: were doing same thing as yall =D
(42:15 / All) iggy_the_fisk: no you're not
(42:16 / All) NerotendoLXIV: i somehow doubt
(42:16 / All) iggy_the_fisk: you're losing
(42:17 / All) iggy_the_fisk: horribly
(42:20 / All) NerotendoLXIV: lol
(43:50 / All) iggy_the_fisk: jesus red you suck
(44:01 / All) BNETHATESMELOL: hard to play w. 2 pixels per second
(44:09 / All) NerotendoLXIV: lmao
(44:11 / All) NerotendoLXIV: 2 pixels
(44:13 / All) NerotendoLXIV: per second
(44:14 / All) iggy_the_fisk: teal.. told u u were noob
(44:17 / All) NerotendoLXIV: are youa fucking amish person
(44:18 / All) BNETHATESMELOL: funny tho
(44:30 / All) Four.Twe3nty: u talk liek ur good
(44:31 / All) BNETHATESMELOL: cus none of yall cld beat me 1v1
(44:33 / All) NerotendoLXIV: LOL!
(44:36 / All) BNETHATESMELOL: lol
(44:37 / All) BNETHATESMELOL: funny
(44:39 / All) Icedbarge-SLImE: it begins....
(44:42 / All) Icedbarge-SLImE: stage 1: denial
(44:44 / All) BNETHATESMELOL: anyways gg
(44:53 / All) NerotendoLXIV: LOL!
(44:55 / All) NerotendoLXIV: clan towa #1
(44:56 / All) Icedbarge-SLImE: stage 2: alies leavin
(44:57 / All) NerotendoLXIV: call us at clan towa HQ
(44:58 / All) BNETHATESMELOL: too much lag for me
(45:01 / All) NerotendoLXIV: 647-869-9830
(45:05 / All) NerotendoLXIV: http://highper.ch/
(45:20 / All) Icedbarge-SLImE: gg noobs
(45:23 / All) NerotendoLXIV: quit
(45:24 / All) NerotendoLXIV: shitlord
(45:25 / All) iggy_the_fisk: you were really bad
(45:28 / All) iggy_the_fisk: so we won easily
(47:02 / All) NerotendoLXIV: bye
(47:02 / All) NerotendoLXIV: noob
(58:29 / All) Icedbarge-SLImE: gg diaper noob go change urself
(58:47 / All) NerotendoLXIV: what clan you guys in
(59:08 / All) NerotendoLXIV: i want to know what kind of clan would accept garbage like you
(62:14 / All) NerotendoLXIV: clan towa #1
(62:17 / All) NerotendoLXIV: http://highper.ch/